[Event "Titled Tuesday Blitz November 08 Early 2022"]
[White "Aradhya, Garg"]
[Black "Howell, David W L"]
[WhiteFideId "25006746"]
[BlackFideId "410608"]
[WhiteElo "2725"]
[BlackElo "2949"]
[Result "0-1"]
[Round "07"]
[TimeControl "180+1"]
[Date "2022.11.09"]
[WhiteClock "0:00:32"]
[BlackClock "0:00:29"]

1. d4 d5 2. c3 e6 3. Nf3 c5 4. Bg5 Be7 5. Bxe7 Qxe7 6. e3 Nf6 7. Bb5+ Bd7 8. a4 O-O 9. O-O Rc8 10. Ne5 Ne4 11. Nd2 Bxb5 12. axb5 Nd6 13. b6 a6 14. Ra5 cxd4 15. exd4 Nd7 16. Nxd7 Qxd7 17. Qb3 Rc6 18. Rc5 Rac8 19. Rxc6 Rxc6 20. Nf3 Nc4 21. Qc2 Rxb6 22. b3 Na5 23. Ng5 g6 24. b4 Nc4 25. Qd3 Qd8 26. f4 h6 27. Nf3 Rc6 28. h4 h5 29. Ng5 Qf6 30. f5 exf5 31. Re1 Nd6 32. Re5 Ne4 33. Qe3 Kg7 34. Rxd5 Rxc3 35. Qf4 Nxg5 36. hxg5 Qe6 37. Re5 Qc4 38. Re7 Qd5 39. Re8 Rc4 40. Qe5+ Qxe5 41. dxe5 Rxb4 42. Re7 Rb6 43. Kf2 a5 44. e6 Rxe6 45. Rxb7 Ra6 46. Rb3 a4 47. Ra3 Kf8 48. Ke3 Ke7 49. Kd4 Kd6 50. Kc4 Ke5 51. Kb5 Ra8 52. Kb6 Kf4 53. Kb7 Ra5 54. Kb6 Ra8 55. Kb7 Re8 56. Rxa4+ Kxg5 57. Ra2 Re6 58. Kc8 h4 59. Ra7 Re2 60. Rxf7 Rxg2 61. Re7 h3 62. Re2 Rxe2 63. Kd7 f4 64. Kd6 f3 65. Kd5 h2 66. Kd4 h1=Q 67. Kc3 Kf4 68. Kd3 g5 69. Kd4 g4 70. Kd3 g3 71. Kd4 g2 72. Kd3 Qh2 73. Kc4 f2 74. Kd3 Kf3 75. Kd4 Qg3 76. Kc3 f1=Q 77. Kc4 g1=Q 78. Kd5 Qg5+ 79. Kd6 Qd1+ 80. Kc6 Q1c5+ 81. Kb7 Qb4+ 82. Ka6 Qa3+ 83. Kb6 Qab3+ 84. Ka6 Rc2 85. Ka7 Kf2 86. Ka8 Kg3 87. Ka7 Kh4 88. Ka6 Kh5 89. Ka7 Kh6 90. Ka8 Kh7 91. Ka7 Kh8 92. Ka8 Kg8 93. Ka7 Kf8 94. Ka8 Ke8 95. Ka7 Kd8 96. Ka6 Qgg4 97. Ka7 Kd7 98. Ka6 Kd6 99. Ka7 Kd5 100. Ka6 Kd4 101. Ka7 Kd3 102. Ka6 Kd2 103. Ka7 Qgh3 104. Ka6 Kc1 105. Ka7 Kb1 106. Ka6 Ka1 107. Ka7 Kb2 108. Ka6 Kc3 109. Ka7 Kd4 110. Ka6 Ke5 111. Ka7 Kf6 112. Ka6 Kg7 113. Ka7 Qhe3+ 114. Ka6 Kh8 115. Ka5 Qa1# 0-1


[Site "https://www.chess.com"]

[Event "Titled Tuesday Blitz November 08 Early 2022"]
[White "Artemenko, Oleg"]
[Black "Goroshkov, Maksym"]
[WhiteFideId "14201798"]
[BlackFideId "14142716"]
[WhiteElo "2287"]
[BlackElo "2257"]
[Result "1/2-1/2"]
[Round "07"]
[TimeControl "180+1"]
[Date "2022.11.09"]
[WhiteClock "0:00:19"]
[BlackClock "0:00:22"]

1. d4 Nf6 2. Nc3 d5 3. Bf4 c6 4. e3 e6 5. g4 Bd6 6. g5 Ng8 7. Nf3 Ne7 8. Bd3 Ng6 9. Bxd6 Qxd6 10. h4 Nd7 11. h5 Ngf8 12. e4 b6 13. e5 Qb4 14. a3 Qe7 15. h6 g6 16. Qd2 Bb7 17. Qf4 O-O-O 18. O-O-O Nb8 19. Nd2 Nfd7 20. Rh3 a6 21. Rf3 Rhf8 22. Ne2 c5 23. c3 Nc6 24. Kb1 c4 25. Bc2 b5 26. Kc1 a5 27. Nf1 b4 28. axb4 axb4 29. Ne3 b3 30. Bb1 Na7 31. Ng4 Nb5 32. Nf6 Nxf6 33. Qxf6 Qxf6 34. Rxf6 Nc7 35. Ng3 Bc6 36. Rh1 Be8 37. Nf1 Na6 38. Ne3 Nb8 39. Ng4 Nd7 40. Rf4 Rg8 41. Nf6 Nxf6 42. Rxf6 Kd7 43. Rf4 Ke7 44. Re1 Ra8 45. Kd2 Ra7 46. Re3 Ra1 47. Kc1 Bd7 48. Ref3 Rf8 49. Rf6 Be8 50. Re3 Bd7 51. Re1 Rfa8 52. Kd2 Be8 53. Rf3 R8a7 54. Rg3 Ra8 55. Rgg1 R8a7 56. Ke3 Ra8 57. Kd2 R8a7 58. Rc1 Ra8 59. Rge1 R8a7 60. f4 Kf8 61. Red1 Ra8 62. Ke1 R8a7 63. Rd2 Ra8 64. Rf2 R8a7 65. Kd2 Ra8 66. Rcf1 R8a7 67. Rg1 Ra8 68. Rff1 R8a7 69. Ke3 Ra8 70. Rg2 Bd7 71. Rgf2 R8a7 72. Kf3 Ra8 73. Kg2 R8a7 74. Re2 Ra8 75. Ree1 R8a7 76. Rg1 Ra8 77. Ref1 R8a7 78. Kf2 Ra8 79. Ke2 R8a7 80. Kd2 Ra8 81. Rh1 R8a7 82. Re1 Ra8 83. Rc1 R8a7 84. Rhd1 Ra8 85. Ke3 R8a7 86. Re1 Ra8 87. Rcd1 R8a7 88. Re2 Ra8 89. Kf2 R8a7 90. Ke1 Ra8 91. Rc1 R8a7 92. Rd2 Ra8 93. Rdd1 R8a7 94. f5 exf5 95. Kd2 Be6 96. Ke3 Ra8 97. Kf4 R8a7 98. Ke3 Ra8 99. Kf4 R8a7 100. Ke3 1/2-1/2


[Site "https://www.chess.com"]

[Event "Titled Tuesday Blitz November 08 Early 2022"]
[White "Avazkhonov, Alikhon"]
[Black "Dahlgren, James Allen"]
[WhiteFideId "14208504"]
[BlackFideId "22256873"]
[WhiteElo "1739"]
[BlackElo "2205"]
[Result "1-0"]
[Round "07"]
[TimeControl "180+1"]
[Date "2022.11.09"]
[WhiteClock "0:00:56"]
[BlackClock "0:00:17"]

1. d4 e6 2. c4 c5 3. d5 Nf6 4. Nc3 d6 5. e4 g6 6. Bd3 Bg7 7. h3 O-O 8. Nge2 exd5 9. exd5 Re8 10. O-O Nbd7 11. f4 a6 12. Ng3 h5 13. Nge4 Nxe4 14. Nxe4 Nf6 15. Ng5 b5 16. cxb5 Nxd5 17. Bc4 Bd4+ 18. Kh2 Ne3 19. Bxe3 Rxe3 20. Nxf7 Qh4 21. Nxd6+ Kg7 22. Nxc8 Rxc8 23. bxa6 Rd8 24. a7 Be5 25. fxe5 Rxd1 26. Raxd1 Qxc4 27. a8=Q 1-0


[Site "https://www.chess.com"]

[Event "Titled Tuesday Blitz November 08 Early 2022"]
[White "Baches Garcia, Guillermo"]
[Black "Goryachkina, Aleksandra"]
[WhiteFideId "2209764"]
[BlackFideId "4147103"]
[WhiteElo "2464"]
[BlackElo "2484"]
[Result "0-1"]
[Round "07"]
[TimeControl "180+1"]
[Date "2022.11.09"]
[WhiteClock "0:00:07"]
[BlackClock "0:00:05"]

1. e4 c5 2. Nf3 e6 3. c4 a6 4. Nc3 Nc6 5. Be2 Nf6 6. d4 cxd4 7. Nxd4 Bb4 8. Nxc6 bxc6 9. e5 Ne4 10. Qd4 Qa5 11. Qxe4 Bxc3+ 12. Kf1 Bxe5 13. b4 Qc7 14. Rb1 O-O 15. f4 Bf6 16. Bd3 g6 17. h4 d5 18. Qf3 dxc4 19. Bxc4 a5 20. h5 axb4 21. hxg6 fxg6 22. Be3 Ba6 23. Rxb4 Bxc4+ 24. Rxc4 Rxa2 25. Rh3 Ra6 26. Qe4 Qd7 27. Kg1 Qd5 28. Bc5 Rd8 29. Re3 Qxe4 30. Rexe4 Kf7 31. Kh2 Rd7 32. Bf2 Rd6 33. Re2 Ra5 34. Rec2 Rf5 35. g3 h5 36. Rxc6 Rxc6 37. Rxc6 g5 38. Be3 g4 39. Rc7+ Ke8 40. Rc6 Kd7 41. Ra6 Rd5 42. Ra7+ Kc6 43. Ra6+ Kd7 44. Ra7+ Ke8 45. Ra6 Kf7 46. Ra7+ Kg6 47. Ra6 Kf5 48. Ra3 Ke4 49. Bf2 Rd2 50. Kg1 Bd4 51. Bxd4 Rxd4 52. Kg2 Rd2+ 53. Kg1 Rd3 54. Ra4+ Kf3 55. Ra6 Kxg3 56. Kf1 Rf3+ 57. Ke2 Rxf4 58. Rxe6 h4 59. Rh6 h3 60. Rh5 Rf7 61. Ke3 h2 62. Rxh2 Kxh2 0-1


[Site "https://www.chess.com"]

[Event "Titled Tuesday Blitz November 08 Early 2022"]
[White "Balkum, Alexander"]
[Black "czernikowskqa"]
[WhiteFideId "2005069"]
[WhiteElo "2352"]
[BlackElo "1807"]
[Result "0-1"]
[Round "07"]
[TimeControl "180+1"]
[Date "2022.11.09"]
[WhiteClock "0:00:23"]
[BlackClock "0:02:06"]

1. e4 c5 2. Nf3 Nc6 3. d4 cxd4 4. Nxd4 g6 5. c4 Nf6 6. Nc3 Nxd4 7. Qxd4 d6 8. Bg5 Bg7 9. Qd2 O-O 10. Bd3 Be6 11. O-O Qa5 12. Nd5 Qd8 13. Nxf6+ Bxf6 14. Bxf6 exf6 15. Rad1 Qc7 16. b3 a5 17. Bb1 a4 18. Qxd6 Qa5 19. b4 Qa7 20. c5 Rfd8 21. Qxd8+ Rxd8 22. Rxd8+ Kg7 23. a3 Qa6 24. Bd3 Qc6 25. Rd6 Qc7 26. Rd1 Qe7 27. f3 Bb3 28. Rd2 Qe5 29. Kf2 Qa1 30. b5 Qxa3 31. Bf1 Qxc5+ 32. Kg3 h5 33. f4 Qe3+ 0-1


[Site "https://www.chess.com"]

[Event "Titled Tuesday Blitz November 08 Early 2022"]
[White "Barbashin, Igor"]
[Black "Izuzquiza Gonzalez, Javier"]
[WhiteFideId "4155718"]
[BlackFideId "3101029"]
[WhiteElo "2138"]
[BlackElo "2034"]
[Result "0-1"]
[Round "07"]
[TimeControl "180+1"]
[Date "2022.11.09"]
[WhiteClock "0:00:02"]
[BlackClock "0:00:08"]

1. d4 Nf6 2. c4 g6 3. Nc3 d5 4. Nf3 Bg7 5. cxd5 Nxd5 6. Na4 O-O 7. e4 Nb6 8. Be2 Nc6 9. Be3 Bd7 10. Nc5 Bc8 11. O-O Nd7 12. Nb3 Nf6 13. d5 Nb4 14. a3 Na6 15. Nfd2 e6 16. dxe6 Bxe6 17. Bxa6 bxa6 18. Nc5 Bc8 19. Nc4 Ng4 20. Qe2 Qe7 21. Rac1 Rb8 22. b4 Nxe3 23. Qxe3 Re8 24. f3 Rd8 25. Rfd1 Rxd1+ 26. Rxd1 h5 27. Qd3 Be6 28. Nxe6 Qxe6 29. Qd5 Qf6 30. e5 Qf5 31. Qd7 Qc2 32. Ne3 Qe2 33. Qd4 Re8 34. f4 Bh6 35. g3 h4 36. Ng2 hxg3 37. hxg3 Qf3 38. Rd3 Qg4 39. Qxa7 Qf5 40. Qe3 Bf8 41. Kf2 Re6 42. Nh4 Qh5 43. Qf3 Qxf3+ 44. Kxf3 Rc6 45. Ke4 Rc1 46. Nf3 Rf1 47. Ng5 Rg1 48. Kf3 Ra1 49. Ke4 Be7 50. Nf3 Rf1 51. Nd4 Re1+ 52. Kf3 Rg1 0-1


[Site "https://www.chess.com"]

[Event "Titled Tuesday Blitz November 08 Early 2022"]
[White "Baskakov, Egor"]
[Black "Ibarra Jerez, Jose Carlos"]
[WhiteFideId "24197866"]
[BlackFideId "2226332"]
[WhiteElo "2211"]
[BlackElo "2638"]
[Result "0-1"]
[Round "07"]
[TimeControl "180+1"]
[Date "2022.11.08"]
[WhiteClock "0:00:09"]
[BlackClock "0:00:03"]

1. e4 c5 2. Nf3 e6 3. Be2 Nc6 4. c4 Nf6 5. Nc3 Qb6 6. O-O Be7 7. d3 O-O 8. Rb1 Rd8 9. e5 Ng4 10. Bf4 Qc7 11. d4 cxd4 12. Nxd4 Ngxe5 13. Bg3 a6 14. Rc1 d6 15. Nd5 exd5 16. cxd5 Qb6 17. dxc6 Nxc6 18. Nb3 d5 19. Kh1 Bf6 20. Qd2 a5 21. Nc5 Qxb2 22. Rc2 Qb4 23. Qc1 Bf5 24. Bd3 Bxd3 25. Nxd3 Qb5 26. Rd1 Nb4 27. Qb1 Qa4 28. Re2 Re8 29. Rxe8+ Rxe8 30. Nxb4 Qxb4 31. Qc1 d4 32. h3 h6 33. Kh2 Qc3 34. Qb1 Qc6 35. Rc1 Qd5 36. a4 d3 37. Rd1 Rd8 38. Qc1 Be5 39. f4 Bf6 40. Qc7 Rd7 41. Qb8+ Kh7 42. Qc8 d2 43. Qc2+ Qd3 44. Qc8 b5 45. axb5 Qxb5 46. Qc2+ Qd3 47. Qc6 Qd5 48. Qc2+ Qd3 49. Qc6 Rd5 50. Qe8 Qc2 51. Qe2 a4 52. Bf2 a3 53. g4 a2 54. g5 a1=Q 55. gxf6 Qaxd1 56. Qe8 Qg6 57. fxg7 Kxg7 58. Qe3 Qdc2 59. f5 Qcxf5 60. Qc3+ Qgf6 61. Qg3+ Kh7 0-1


[Site "https://www.chess.com"]

[Event "Titled Tuesday Blitz November 08 Early 2022"]
[White "Bernat, David"]
[Black "Raahul V S"]
[WhiteFideId "2099225"]
[BlackFideId "25035525"]
[WhiteElo "2344"]
[BlackElo "2233"]
[Result "0-1"]
[Round "07"]
[TimeControl "180+1"]
[Date "2022.11.09"]
[WhiteClock "0:00:45"]
[BlackClock "0:02:03"]

1. c4 e6 2. e4 d5 3. exd5 exd5 4. cxd5 Qxd5 5. Nc3 Qa5 6. Nf3 Nf6 7. Bc4 Be7 8. O-O O-O 9. Re1 Bd6 10. h3 Nbd7 11. a3 Nb6 12. Ba2 Qh5 13. d4 Bxh3 14. gxh3 Qxh3 15. Ne5 Bxe5 16. dxe5 Rad8 17. Qe2 Rd4 18. f4 Qg3+ 19. Kf1 Ng4 20. Qg2 Nh2+ 21. Kg1 Nf3+ 0-1


[Site "https://www.chess.com"]

[Event "Titled Tuesday Blitz November 08 Early 2022"]
[White "Biastoch, Bennet"]
[Black "Zhigalko, Sergei"]
[WhiteFideId "12939889"]
[BlackFideId "13502956"]
[WhiteElo "2221"]
[BlackElo "2662"]
[Result "0-1"]
[Round "07"]
[TimeControl "180+1"]
[Date "2022.11.08"]
[WhiteClock "0:00:28"]
[BlackClock "0:00:23"]

1. e4 c5 2. Nf3 Nc6 3. d4 cxd4 4. Nxd4 Nf6 5. Nc3 e5 6. Ndb5 d6 7. Bg5 a6 8. Na3 b5 9. Bxf6 gxf6 10. Nd5 Bg7 11. c3 f5 12. exf5 Bxf5 13. Nc2 Be6 14. Nce3 Ne7 15. Be2 Nxd5 16. Nxd5 O-O 17. a4 bxa4 18. Rxa4 a5 19. O-O Rb8 20. b4 axb4 21. cxb4 Kh8 22. Ra7 e4 23. Nf4 Rxb4 24. Nxe6 fxe6 25. Bg4 Rb2 26. Bxe6 Qf6 27. Bd5 Rxf2 28. Re1 Qd4 0-1


[Site "https://www.chess.com"]

[Event "Titled Tuesday Blitz November 08 Early 2022"]
[White "Bibilashvili, Lali"]
[Black "Hart, Braeden"]
[WhiteFideId "13604236"]
[BlackFideId "30962587"]
[WhiteElo "1819"]
[BlackElo "2421"]
[Result "0-1"]
[Round "07"]
[TimeControl "180+1"]
[Date "2022.11.09"]
[WhiteClock "0:00:17"]
[BlackClock "0:00:20"]

1. c4 a6 2. Nc3 b5 3. cxb5 axb5 4. Nxb5 c5 5. Nf3 d5 6. g3 Nc6 7. Bg2 e5 8. O-O h6 9. d3 Ba6 10. Nc3 d4 11. Ne4 f5 12. Ned2 Nf6 13. Qb3 Rc8 14. Qa4 Qb6 15. Nc4 Bxc4 16. dxc4 Bd6 17. Bd2 e4 18. Nh4 f4 19. Bxf4 Bxf4 20. gxf4 g5 21. Nf5 gxf4 22. Nd6+ Ke7 23. Nxc8+ Rxc8 24. Qc2 Rg8 25. Kh1 Nb4 26. Qd2 Qd6 27. a3 Nc6 28. f3 e3 29. Qd3 Rg5 30. Rg1 Ne5 31. Qc2 Qd7 32. b4 d3 33. exd3 Nxd3 34. Rad1 Nh5 35. h3 Nf2+ 36. Kh2 Rxg2+ 37. Kxg2 Qxh3# 0-1


[Site "https://www.chess.com"]

[Event "Titled Tuesday Blitz November 08 Early 2022"]
[White "Bluebaum, Matthias"]
[Black "Durarbayli, Vasif"]
[WhiteFideId "24651516"]
[BlackFideId "13402935"]
[WhiteElo "2633"]
[BlackElo "2586"]
[Result "1/2-1/2"]
[Round "07"]
[TimeControl "180+1"]
[Date "2022.11.08"]
[WhiteClock "0:00:08"]
[BlackClock "0:00:07"]

1. d4 d5 2. c4 c6 3. Nf3 Nf6 4. Nc3 e6 5. Qc2 dxc4 6. e4 b5 7. Be2 Bb7 8. O-O Nbd7 9. b3 cxb3 10. axb3 a6 11. e5 Nd5 12. Nxd5 cxd5 13. Bd2 Rc8 14. Qd3 Rc6 15. h4 h6 16. g3 Be7 17. Kg2 Qb6 18. Be3 Bb4 19. Rfc1 Rxc1 20. Rxc1 Ke7 21. g4 Nb8 22. g5 hxg5 23. Bxg5+ Kd7 24. Kh2 Nc6 25. Rg1 Bf8 26. Rg4 Ke8 27. Be3 Ne7 28. Bd2 Nf5 29. Qc2 Qd8 30. Kg1 Qc8 31. Qb1 g6 32. Bd3 b4 33. Kg2 Be7 34. Qe1 a5 35. Bb5+ Kf8 36. Bd3 Ba6 37. Bb1 Qd8 38. Bg5 Bxg5 39. hxg5 Ke7 40. Bxf5 exf5 41. Rf4 Qc8 42. e6 Qxe6 43. Ne5 f6 44. Nxg6+ Kd7 45. Qxe6+ Kxe6 46. Nxh8 fxg5 47. Rf3 f4 48. Rh3 Kf5 49. Rh6 Bd3 50. Nf7 Bc2 51. f3 g4 52. Ne5 gxf3+ 53. Kxf3 Bd1+ 54. Kf2 Bxb3 55. Ra6 Ke4 56. Rxa5 Kxd4 57. Nc6+ Kc3 58. Rc5+ Bc4 59. Nxb4 Kxb4 60. Rc8 Kc3 61. Kf3 d4 62. Kxf4 d3 63. Ke3 Kb3 64. Kd2 Bb5 65. Rc5 Kb4 66. Rg5 Bc4 67. Rg4 Kc5 68. Kc3 Bb5 69. Rg5+ Kb6 70. Rh5 Kc6 71. Re5 Kb6 72. Kb4 Bc6 73. Re6 Kc7 74. Kc5 Ba4 75. Rd6 Bc2 76. Rd4 Kb7 77. Kb5 Kc7 78. Rd5 Bb1 79. Kc5 Bc2 80. Rd4 Bb1 81. Rd6 Bc2 82. Rd5 Bb1 83. Rd4 Bc2 84. Rd6 Bb1 85. Rc6+ Kd7 86. Rd6+ Kc7 87. Rd5 Bc2 88. Rd4 1/2-1/2


[Site "https://www.chess.com"]

[Event "Titled Tuesday Blitz November 08 Early 2022"]
[White "Bodnaruk, Anastasia"]
[Black "Krzyzanowski, Marcin"]
[WhiteFideId "4181751"]
[BlackFideId "1132199"]
[WhiteElo "2319"]
[BlackElo "2435"]
[Result "0-1"]
[Round "07"]
[TimeControl "180+1"]
[Date "2022.11.09"]
[WhiteClock "0:00:04"]
[BlackClock "0:00:39"]

1. e4 c6 2. d4 d5 3. e5 Bf5 4. Nf3 e6 5. Be2 Nd7 6. O-O Ne7 7. Nbd2 Ng6 8. Ne1 h5 9. Bd3 Ne7 10. Be2 Ng6 11. Bd3 Ne7 12. c4 Bxd3 13. Nxd3 Nf5 14. cxd5 cxd5 15. Nf3 h4 16. b3 Be7 17. Bb2 g5 18. Nd2 Qb6 19. Qg4 O-O-O 20. a4 Kb8 21. a5 Qb5 22. Qe2 Rc8 23. Nf3 g4 24. Nfe1 g3 25. Nf4 Qxb3 26. Rb1 Nxd4 27. Qd2 gxf2+ 28. Rxf2 Nf5 29. Nfd3 Nc5 30. Qe2 Ne4 31. Rxf5 exf5 32. e6 Ka8 33. exf7 Rhf8 34. Ne5 Bc5+ 35. Kf1 Bd4 36. Bxd4 Qxb1 37. Qh5 Rc1 38. Nf3 Qb5+ 39. Kg1 Qe2 40. h3 Rxe1+ 0-1


[Site "https://www.chess.com"]

[Event "Titled Tuesday Blitz November 08 Early 2022"]
[White "Bortnyk, Olexandr"]
[Black "Svane, Rasmus"]
[WhiteFideId "14120828"]
[BlackFideId "4657101"]
[WhiteElo "2723"]
[BlackElo "2674"]
[Result "1-0"]
[Round "07"]
[TimeControl "180+1"]
[Date "2022.11.08"]
[WhiteClock "0:01:06"]
[BlackClock "0:00:04"]

1. e4 c6 2. d4 d5 3. Nc3 dxe4 4. Nxe4 Nf6 5. Nxf6+ exf6 6. c3 Bd6 7. Bd3 O-O 8. Qc2 Re8+ 9. Ne2 h5 10. O-O h4 11. Nf4 Qc7 12. g3 Nd7 13. Qd1 g6 14. Qf3 hxg3 15. hxg3 Nf8 16. Bd2 f5 17. Rfe1 Bd7 18. Bc4 Kg7 19. Nh5+ gxh5 20. Qxh5 Re6 21. Bh6+ Kg8 22. Bxe6 Nxe6 23. Rxe6 fxe6 24. Qg6+ 1-0


[Site "https://www.chess.com"]

[Event "Titled Tuesday Blitz November 08 Early 2022"]
[White "Boyer, Mahel"]
[Black "Winterberg, Lukas"]
[WhiteFideId "45102422"]
[BlackFideId "24622702"]
[WhiteElo "2454"]
[BlackElo "2349"]
[Result "0-1"]
[Round "07"]
[TimeControl "180+1"]
[Date "2022.11.09"]
[WhiteClock "0:00:02"]
[BlackClock "0:00:50"]

1. e4 e6 2. d4 d5 3. Nc3 Nf6 4. e5 Nfd7 5. f4 c5 6. Nf3 Nc6 7. Be3 a6 8. a3 cxd4 9. Nxd4 Bc5 10. Qd2 O-O 11. Be2 Nxd4 12. Bxd4 b5 13. O-O Bb7 14. Bxc5 Nxc5 15. b4 Ne4 16. Nxe4 dxe4 17. Qe3 Qc7 18. Rac1 Bd5 19. Rfd1 Rac8 20. c3 Rfd8 21. Rd4 h6 22. h4 Qe7 23. h5 Rc7 24. Qg3 Rdc8 25. f5 Qg5 26. Qxg5 hxg5 27. c4 Bxc4 28. Bxc4 Rxc4 29. Rcxc4 bxc4 30. fxe6 fxe6 31. Rxe4 c3 32. Re1 g4 33. Rc1 Kh7 34. Kf2 Kh6 35. Ke3 Kxh5 36. Kd3 Kh4 37. Rxc3 Rxc3+ 38. Kxc3 Kg3 39. a4 Kxg2 40. b5 axb5 41. axb5 Kf3 42. b6 g3 43. b7 g2 44. b8=Q g1=Q 45. Qd6 Qc1+ 46. Kd4 Qd1+ 47. Kc5 Qb3 48. Kc6 g5 49. Kd7 g4 50. Qf8+ Ke4 51. Qf6 Qd5+ 52. Ke7 Qxe5 53. Qg6+ Qf5 54. Qh6 g3 55. Qh1+ Qf3 56. Qb1+ Kf4 57. Qb4+ Qe4 58. Qd2+ Qe3 59. Qb4+ Kf5 60. Qb7 e5 61. Kf7 Kf4 62. Qd7 g2 63. Qh3 Qxh3 0-1


[Site "https://www.chess.com"]

[Event "Titled Tuesday Blitz November 08 Early 2022"]
[White "Buscar, Michael"]
[Black "Gonzalez Vega, Alejandro"]
[WhiteFideId "2603616"]
[BlackFideId "3510042"]
[WhiteElo "2010"]
[BlackElo "2285"]
[Result "0-1"]
[Round "07"]
[TimeControl "180+1"]
[Date "2022.11.09"]
[WhiteClock "0:00:01"]
[BlackClock "0:00:12"]

1. e4 c5 2. Nf3 a6 3. d4 cxd4 4. Nxd4 Nf6 5. Nc3 e5 6. Nb3 d6 7. Be2 Be6 8. g4 Be7 9. g5 Nfd7 10. h4 Nc6 11. Nd5 Bxd5 12. exd5 Na5 13. Be3 Nxb3 14. axb3 Rc8 15. Bg4 Qc7 16. c3 Rd8 17. Qf3 Nc5 18. Bxc5 Qxc5 19. Bh5 O-O 20. Bg4 Qb5 21. b4 Qc4 22. Bf5 g6 23. Bc2 f5 24. gxf6 Rxf6 25. Qe4 Qxe4+ 26. Bxe4 Rf4 27. f3 Rxh4 28. Rxh4 Bxh4+ 29. Ke2 Rf8 30. b5 Ra8 31. Ra5 Bd8 32. Ra1 Bb6 33. Bd3 a5 34. b4 Ra7 35. c4 axb4 36. Rxa7 Bxa7 37. Kd2 Bd4 38. Kc2 b6 39. Kd1 Kg7 40. Ke2 Kf6 41. Kf1 Kg5 42. Kg2 h5 43. Kg3 h4+ 44. Kh3 Kh5 45. Be4 Bf2 46. Kg2 Bc5 47. Kh3 Kg5 48. Kg2 b3 49. Kh3 b2 50. Kg2 Kf4 51. Bxg6 Ke3 52. Be4 Kd4 53. Kh3 Kxc4 54. Kxh4 Kxb5 55. Kg5 Be3+ 56. Kf5 Kc5 57. Ke6 b5 58. Bb1 b4 59. Bc2 b3 60. Bb1 Bf4 61. Be4 Bg5 62. Bb1 Bd8 63. Be4 Bb6 64. Bb1 Ba5 65. Be4 Bb4 66. Kd7 Kd4 67. Kc6 Kc3 68. Kb5 Bc5 69. Ka4 Bb4 70. Bb1 Bc5 71. Be4 Bd4 72. Bb1 Kc4 73. Be4 Bc5 0-1


[Site "https://www.chess.com"]

[Event "Titled Tuesday Blitz November 08 Early 2022"]
[White "Butolo, Alexandru-Mircea"]
[Black "Sanchez, Robert"]
[WhiteFideId "1261649"]
[BlackFideId "2034360"]
[WhiteElo "1897"]
[BlackElo "2391"]
[Result "0-1"]
[Round "07"]
[TimeControl "180+1"]
[Date "2022.11.09"]
[WhiteClock "0:01:47"]
[BlackClock "0:02:22"]

1. d4 Nf6 2. Bf4 d6 3. Nc3 Nbd7 4. e4 e5 5. dxe5 dxe5 6. Bg5 Be7 7. Qd2 O-O 8. O-O-O c6 9. Nf3 Qc7 10. h4 Re8 11. h5 b5 12. Bd3 Nc5 13. Bxf6 Bxf6 14. Qe3 Nxd3+ 15. Rxd3 a5 16. Nh4 Qe7 17. Nf5 Bxf5 18. exf5 Bg5 0-1


[Site "https://www.chess.com"]

[Event "Titled Tuesday Blitz November 08 Early 2022"]
[White "Carbone, Diego"]
[Black "Ciuffoletti, Paolo"]
[WhiteFideId "3002179"]
[BlackFideId "807630"]
[WhiteElo "2265"]
[BlackElo "2143"]
[Result "0-1"]
[Round "07"]
[TimeControl "180+1"]
[Date "2022.11.09"]
[WhiteClock "0:00:42"]
[BlackClock "0:00:17"]

1. d4 d5 2. c4 c6 3. Nf3 Nf6 4. e3 Bf5 5. Nc3 e6 6. Nh4 Be4 7. f3 Bg6 8. Qb3 Qb6 9. Nxg6 hxg6 10. Bd2 Bd6 11. f4 Ne4 12. c5 Qxb3 13. axb3 Nxc3 14. bxc3 Bc7 15. b4 Nd7 16. b5 cxb5 17. Bxb5 Ke7 18. c4 a6 19. Bxd7 Kxd7 20. cxd5 exd5 21. Ke2 Rae8 22. Kf3 Re4 23. h3 Ra8 24. Rhb1 Kc6 25. Ba5 Bxa5 26. Rxa5 Rae8 27. Rb6+ Kc7 28. Ra3 R8e6 29. Rab3 Rxb6 30. Rxb6 Re6 31. Rxe6 fxe6 32. g4 b6 33. cxb6+ Kxb6 34. e4 Kb5 35. exd5 exd5 36. f5 gxf5 37. gxf5 a5 38. h4 a4 39. h5 a3 40. h6 gxh6 41. f6 a2 42. f7 a1=Q 43. f8=Q Qf1+ 0-1


[Site "https://www.chess.com"]

[Event "Titled Tuesday Blitz November 08 Early 2022"]
[White "Chernov, Mikhail"]
[Black "Al-Tarboush, Ward"]
[WhiteFideId "24143170"]
[BlackFideId "7601450"]
[WhiteElo "2113"]
[BlackElo "2273"]
[Result "0-1"]
[Round "07"]
[TimeControl "180+1"]
[Date "2022.11.09"]
[WhiteClock "0:00:23"]
[BlackClock "0:00:52"]

1. e4 b6 2. d4 Bb7 3. Bd3 e6 4. Nf3 c5 5. c3 Nf6 6. Qe2 Be7 7. O-O Nc6 8. a3 Na5 9. Nbd2 c4 10. Bc2 Qc7 11. e5 Nd5 12. Ne4 f5 13. exf6 gxf6 14. Bd2 O-O-O 15. b4 cxb3 16. Bd3 f5 17. Ng3 h5 18. c4 Nf4 19. Bxf4 Qxf4 20. Rfd1 h4 21. Nf1 h3 22. Qd2 Qxd2 23. N1xd2 hxg2 24. d5 Bd6 25. Rab1 Rdg8 26. Nxb3 Nxb3 27. Rxb3 exd5 28. Bxf5 d4 29. Rxd4 Bxh2+ 30. Nxh2 Rxh2 0-1


[Site "https://www.chess.com"]

[Event "Titled Tuesday Blitz November 08 Early 2022"]
[White "Concio, Michael Jr."]
[Black "Maghsoodloo, Parham"]
[WhiteFideId "5217873"]
[BlackFideId "12539929"]
[WhiteElo "2717"]
[BlackElo "2911"]
[Result "0-1"]
[Round "07"]
[TimeControl "180+1"]
[Date "2022.11.09"]
[WhiteClock "0:00:10"]
[BlackClock "0:00:41"]

1. e4 e5 2. Nf3 Nc6 3. Bb5 a6 4. Ba4 Nf6 5. O-O Bc5 6. Nxe5 Nxe5 7. d4 Bxd4 8. Qxd4 Nc6 9. Bxc6 bxc6 10. e5 Nd5 11. c4 Ne7 12. e6 O-O 13. exd7 Bxd7 14. Nc3 Nf5 15. Qc5 Qh4 16. b3 Rfe8 17. Bb2 Nd6 18. Rae1 h6 19. Qa5 Rec8 20. Na4 Bf5 21. Qe5 Qg5 22. Qg3 a5 23. Qxg5 hxg5 24. Be5 Nb7 25. Rd1 f6 26. Bg3 Kf7 27. Rd2 Be6 28. Re1 c5 29. h3 g4 30. hxg4 Bxg4 31. f3 Be6 32. Bf2 Rd8 33. Rde2 Ra6 34. Bxc5 Rd7 35. Ba3 g5 36. Kf2 Rc6 37. Nc3 Nd8 38. Rd1 Rxd1 39. Nxd1 a4 40. Nc3 axb3 41. axb3 Rb6 42. Rb2 Nb7 43. Ke3 Na5 44. Nb5 Bxc4 45. Nxc7 Bxb3 46. Kd4 Nc4 47. Kc5 Nxa3 48. Kxb6 Nc4+ 49. Kc5 Nxb2 50. Kb4 Bd1 51. Kc3 Na4+ 52. Kd2 Bb3 53. Ke3 Bc4 54. g3 Nc5 55. f4 gxf4+ 56. gxf4 Ne6 57. Na8 f5 58. Nb6 Bb5 59. Nd5 Bc6 60. Nb4 Be4 61. Na2 Kg6 62. Nc3 Bc6 63. Ne2 Kh5 64. Ng3+ Kg4 65. Nxf5 Kxf5 66. Kd3 Kxf4 67. Kc3 Ke4 68. Kb2 Kd3 69. Kc1 Nd4 70. Kb1 Kc3 71. Ka1 Nc2+ 72. Ka2 Bd5+ 73. Kb1 Bc4 74. Kc1 Ba2 75. Kd1 Nd4 76. Kc1 Ne2+ 77. Kd1 Kd3 78. Ke1 Ke3 79. Kd1 Bb3+ 80. Ke1 Nf4 81. Kf1 Bc2 82. Kg1 Kf3 83. Kf1 Ng2 84. Kg1 Kg3 85. Kh1 Bd3 86. Kg1 Nh4 87. Kh1 Bf5 88. Kg1 Bh3 0-1


[Site "https://www.chess.com"]

[Event "Titled Tuesday Blitz November 08 Early 2022"]
[White "Crevatin, Leo"]
[Black "Kosteniuk, Alexandra"]
[WhiteFideId "1726307"]
[BlackFideId "4128125"]
[WhiteElo "2208"]
[BlackElo "2469"]
[Result "0-1"]
[Round "07"]
[TimeControl "180+1"]
[Date "2022.11.09"]
[WhiteClock "0:00:01"]
[BlackClock "0:00:02"]

1. e4 c6 2. Nf3 d5 3. Nc3 dxe4 4. Nxe4 Nf6 5. Qe2 Nxe4 6. Qxe4 Nd7 7. Bc4 Nf6 8. Ne5 e6 9. Qe2 b5 10. Bd3 Qb6 11. O-O Bd6 12. a4 bxa4 13. Rxa4 Qc7 14. Nf3 O-O 15. c4 c5 16. Bc2 Bb7 17. b3 e5 18. Ng5 Bc6 19. Ra3 Qb7 20. f3 h6 21. Ne4 Nxe4 22. fxe4 Rad8 23. d3 Be7 24. Be3 Rd7 25. Rfa1 Qb8 26. Qf2 f5 27. exf5 e4 28. dxe4 Qe5 29. Qf4 Qc3 30. Rc1 Qb2 31. Raa1 Bf6 32. Rab1 Qc3 33. Bxc5 Bg5 34. Qf3 Qe5 35. Bxf8 Bxc1 36. Rxc1 Kxf8 37. Rd1 Qc5+ 38. Qf2 Rxd1+ 39. Bxd1 Qa3 40. Qd4 Qc1 41. h3 Bxe4 42. Qxe4 Qxd1+ 43. Kh2 Qd6+ 44. Kg1 Qd1+ 45. Kf2 Qxb3 46. Qa8+ Kf7 47. Qxa7+ Kf6 48. Qc5 Qc2+ 49. Kf3 Qd3+ 50. Kf2 Qc2+ 51. Kg3 Qc1 52. Qd4+ Kxf5 53. Qg4+ Ke5 54. Qxg7+ Ke6 55. Qg6+ Ke7 56. Qe4+ Kd7 57. Qd4+ Kc8 58. Qf4 Qc3+ 59. Kg4 Qg7+ 60. Kf3 Qc3+ 61. Kf2 Qc2+ 62. Kg3 h5 63. Kh2 Kd7 64. Qd4+ Kc8 65. c5 Qf5 66. Qd6 h4 67. c6 Qf7 68. Qe5 Qg6 0-1


[Site "https://www.chess.com"]